 Dungeon Crawl Stone Soup version 0.21.1-68-g103a7af (webtiles) character file.

39 troglodite the Skirmisher (level 3, -3/43 HPs)
             Began as a Demonspawn Berserker on Aug 1, 2018.
             Was a Believer of Trog.
             Slain by a human skeleton (4 damage)
             ... on level 2 of the Dungeon.
             The game lasted 00:03:54 (874 turns).

troglodite the Skirmisher (Demonspawn Berserker)     Turns: 874, Time: 00:03:55

Health: -3/43      AC:  2    Str: 22    XL:     3   Next: 26%
Magic:  3/3        EV:  9    Int:  8    God:    Trog [**....]
Gold:   89         SH:  7    Dex: 13    Spells: 2/2 levels left

rFire    . . .     SeeInvis .   a - +0 falchion
rCold    . . .     Gourm    .   i - +0 shield
rNeg     . . .     Faith    .   b - +0 animal skin
rPois    .         Spirit   .   (no helmet)
rElec    .         Reflect  .   (no cloak)
rCorr    .         Harm     .   (no gloves)
MR       .....                  (no boots)
Stlth    ..........             (no amulet)
HPRegen  0.14/turn              (no ring)
MPRegen  0.08/turn              (no ring)

@: berserking, very quick
A: nightstalker 1
a: Berserk, Trog's Hand, Burn Spellbooks, Renounce Religion


You were on level 2 of the Dungeon.
You worshipped Trog.
Trog was pleased with you.
You were hungry.

You visited 1 branch of the dungeon, and saw 2 of its levels.

You collected 89 gold pieces.

Inventory:

Hand Weapons
 a - a +0 falchion (weapon)
Armour
 b - a +0 animal skin (worn)
 i - a +0 shield (worn)
Scrolls
 d - a scroll of remove curse {unknown}
Potions
 e - a potion of brilliance {unknown}
 g - a potion of curing {unknown}
 h - a potion of haste
 j - a potion of degeneration {unknown}
Comestibles
 c - 4 rations
 f - 2 chunks of flesh


   Skills:
 * Level 3.6 Fighting
 + Level 3.1 Long Blades
 * Level 2.0 Armour
 * Level 2.0 Dodging
 * Level 0.4 Stealth
 * Level 0.1 Shields


You had 2 spell levels left.
You didn't know any spells.

Dungeon Overview and Level Annotations

Branches:
Dungeon (2/15)

Altars:

Annotations:
D:2 1 runed door


Innate Abilities, Weirdness & Mutations

You are slightly more attuned to the shadows.


Message History

* * * LOW HITPOINT WARNING * * *
Your shield prevents you from hitting the human skeleton.
The human skeleton is almost destroyed.
The human skeleton hits you but does no damage.
You hit the human skeleton.
The human skeleton is almost destroyed.
You block the human skeleton's attack.
A red film seems to cover your vision as you go berserk!
You feel yourself moving faster!
You feel mighty!
You are feeling hungry.
The human skeleton hits you.
* * * LOW HITPOINT WARNING * * *
You hit the human skeleton.
The human skeleton is almost destroyed.
The human skeleton hits you.
* * * LOW HITPOINT WARNING * * *
You completely miss the human skeleton.
The human skeleton is almost destroyed.
The human skeleton hits you.
You die...

### #.# # #.# ####.#### ........#
#### ## ####.##.... ..# ###...
###...##### #.# ...... ##.....#
###.##...### ###...##
#...@Z...#p# # ##.## #.#.##...#+#
# #.# #.#.##...... #.#
#.#.#.8.#### 8.. ##'## #.#...###
). #.# # ##...## #.###..# .
#.###. ##.....## #.####.# .....
#.......## #......# #..##
.........####...##.########...###


You could see a human skeleton and a neutral human.

Vanquished Creatures
  5 giant cockroaches (D:1)
  7 goblins
  6 hobgoblins (D:1)
  2 kobolds (D:1)
  A quokka (D:2)
  5 bats
  2 frilled lizards (D:1)
  5 rats (D:1)
33 creatures vanquished.

Notes
Turn   | Place    | Note
-------+----------+-------------------------------------------
     0 | D:1      | troglodite the Demonspawn Berserker began the quest for the Orb.
     0 | D:1      | Reached XP level 1. HP: 18/18 MP: 1/1
    91 | D:1      | Gained mutation: You are slightly more attuned to the shadows. [demonic ancestry]
    91 | D:1      | Reached XP level 2. HP: 19/24 MP: 2/2
   291 | D:1      | Reached ** piety under Trog
   454 | D:1      | Reached XP level 3. HP: 27/29 MP: 3/3
   860 | D:2      | Found a runed door.
   860 | D:2      | Noticed a human
   872 | D:2      | HP: 2/43 [human skeleton (5)]
   874 | D:2      | Slain by a human skeleton

Skill      XL: |  1  2  3 |
---------------+----------+-----
Long Blades    | 3 |  3.1
Dodging        | 2 |  2.0
Armour         | 2 |  2.0
Fighting       | |  3.6
Stealth        | |  0.4
Shields        | |  0.1

Action                   || total
-------------------------++-------
Melee: Falchion          ||    82
Invok: Berserk           ||     1
 Stab: Sleeping          ||     7
Armor: Animal skin       ||     5
Dodge: Dodged            ||    39
Block: Shield            ||    14
       Rpst.: Falchion   ||    12
